 Dungeon Crawl Stone Soup version 0.27-a0-887-gcab673c142 (webtiles) character file.

Game seed: 4275094727031176835

336175 wakim the Unseen (level 22, -12/140 HPs)
             Began as a Kobold Gladiator on Apr 4, 2021.
             Was a Priest of Uskayaw.
             Killed from afar by a deep elf annihilator (24 damage)
             ... with a poison arrow
             ... on level 3 of the Elven Halls.
             The game lasted 02:27:07 (56222 turns).

wakim the Unseen (Kobold Gladiator)                Turns: 56222, Time: 02:27:07

Health: -12/140    AC: 15    Str: 16    XL:     22   Next: 87%
Magic:  27/34      EV: 31    Int:  9    God:    Uskayaw [***...]
Gold:   3408       SH: 19    Dex: 28    Spells: 21/21 levels left

rFire    + + .     SeeInvis +   a - +9 quick blade of the Silent Majority {vorpal, rN+}
rCold    + . .     Faith    .   e - +0 kite shield
rNeg     + . .     Spirit   .   V - +0 swamp dragon scales
rPois    +         Reflect  +   m - +1 helmet
rElec    .         Harm     .   d - scarf {shadows}
rCorr    +         Rampage  .   n - +1 pair of gloves "Ryne" {rF+ rCorr}
Will     ++...                  P - +0 pair of boots
Stlth    ++++++++..             l - amulet of Mucsun {Reflect Will+ SH+5}
HPRegen  0.33/turn              c - ring "Inosh" {rF+ Slay+4}
MPRegen  0.24/turn              v - ring "Esotwoc" {rC+ Str+3 Dex+3 SInv}

@: lethally poisoned (-12 -> -26), about to teleport
A: small, no large weapons, nightstalker 3
}: 2/15 runes: decaying, serpentine
a: Renounce Religion, Stomp, Line Pass


You were on level 3 of the Elven Halls.
You worshipped Uskayaw.
Uskayaw was most pleased with you.
You visited 7 branches of the dungeon, and saw 35 of its levels.
You also visited: Ossuary and Ice Cave.

You collected 3808 gold pieces.
You spent 400 gold pieces at shops.

Inventory:

Hand Weapons
 a - the +9 quick blade of the Silent Majority (weapon) {vorpal, rN+}
   (You acquired it on level 2 of the Lair of Beasts)

   It inflicts extra damage upon your enemies.
   It protects you from negative energy.
 h - a +2 quick blade of freezing
Missiles
 i - 7 silver boomerangs
 p - 40 boomerangs (quivered)
 s - 6 throwing nets
Armour
 d - a scarf of shadows (worn)
 e - a +0 kite shield (worn)
 m - a +1 helmet (worn)
 n - the +1 pair of gloves "Ryne" (worn) {rF+ rCorr}
   (You acquired it on level 6 of the Lair of Beasts)

   It protects you from fire.
   It protects you from acid and corrosion.
 P - a +0 pair of boots (worn)
 Q - a +0 pair of gloves of stealth
 V - +0 swamp dragon scales (worn)
Jewellery
 c - the ring "Inosh" (left hand) {rF+ Slay+4}
   (You acquired it on level 2 of the Snake Pit)

   [ring of slaying]

   It affects your accuracy and damage with ranged weapons and melee attacks
   (+4).
   It protects you from fire.
 f - a ring of willpower
 k - a ring of protection from cold
 l - the amulet of Mucsun (around neck) {Reflect Will+ SH+5}
   (You took it off an orc warrior on level 8 of the Dungeon)

   [amulet of reflection]

   It reflects blocked missile attacks.
   It affects your SH (+5).
   It increases your willpower.
 v - the ring "Esotwoc" (right hand) {rC+ Str+3 Dex+3 SInv}
   (You acquired it on level 4 of the Lair of Beasts)

   [ring of see invisible]

   It affects your strength (+3).
   It affects your dexterity (+3).
   It protects you from cold.
   It lets you see invisible.
Wands
 t - a wand of digging (11)
 u - a wand of mindburst (16)
 w - a wand of acid (18)
 x - a wand of charming (15)
 y - a wand of paralysis (4)
 z - a wand of polymorph (7)
 M - a wand of iceblast (30)
Scrolls
 g - 5 scrolls of brand weapon
 j - 10 scrolls of enchant armour
 q - 5 scrolls of amnesia
 r - 12 scrolls of identify
 E - a scroll of enchant weapon
 R - 5 scrolls of magic mapping
 S - 3 scrolls of summoning
 T - 6 scrolls of teleportation
 U - 3 scrolls of fear
 W - a scroll of holy word
 X - 4 scrolls of fog
 Y - 2 scrolls of blinking
 Z - 2 scrolls of silence
Potions
 A - a potion of ambrosia
 B - 8 potions of attraction
 C - 2 potions of berserk rage
 D - 3 potions of brilliance
 F - 11 potions of curing
 G - 6 potions of flight
 H - 6 potions of haste
 I - 3 potions of invisibility
 J - 6 potions of heal wounds
 K - 8 potions of magic
 L - 13 potions of lignification
 N - 4 potions of might
 O - 4 potions of resistance


   Skills:
 + Level 15.1 Fighting
 - Level 16.0 Short Blades
 + Level 10.7 Throwing
 - Level 8.0 Armour
 + Level 18.3 Dodging
 - Level 20.0 Stealth
 + Level 12.5 Shields
 + Level 17.2 Invocations


You had 21 spell levels left.
You didn't know any spells.
Your spell library contained the following spells:

 Spells                   Type           Power      Damage    Failure   Level
 Animate Skeleton         Necr           0%         N/A       83%         1
 Apportation              Tloc           0%         N/A       83%         1
 Corona                   Hex            0%         N/A       83%         1
 Foxfire                  Conj/Fire      0%         2x1d4     83%         1
 Freeze                   Ice            0%         1d3       83%         1
 Magic Dart               Conj           0%         1d3       83%         1
 Sandblast                Erth           0%         2d4       83%         1
 Summon Small Mammal      Summ           0%         N/A       83%         1
 Call Imp                 Summ           0%         N/A       93%         2
 Corpse Rot               Necr/Air       N/A        N/A       93%         2
 Passwall                 Tmut/Erth      0%         N/A       93%         2
 Searing Ray              Conj           0%         3d3       93%         2
 Sublimation of Blood     Necr           0%         N/A       93%         2
 Swiftness                Air            0%         N/A       93%         2
 Call Canine Familiar     Summ           0%         N/A       99%         3
 Confusing Touch          Hex            0%         N/A       99%         3
 Dazzling Flash           Conj/Hex       0%         N/A       99%         3
 Frozen Ramparts          Ice            0%         1d2       99%         3
 Gell's Gravitas          Tloc           0%         N/A       99%         3
 Ozocubu's Armour         Ice            0%         N/A       99%         3
 Stone Arrow              Conj/Erth      0%         3d7       99%         3
 Summon Guardian Golem    Hex/Summ       0%         N/A       99%         3
 Dispel Undead            Necr           0%         3d6       100%        4
 Fulminant Prism          Conj/Hex       0%         3d6       100%        4
 Hailstorm                Conj/Ice       0%         3d3       100%        4
 Iskenderun's Mystic Bla  Conj/Tloc      0%         2d3       100%        4
 Petrify                  Tmut/Erth      0%         N/A       100%        4
 Sticky Flame             Conj/Fire      0%         2d3       100%        4
 Summon Ice Beast         Ice/Summ       0%         N/A       100%        4
 Summon Lightning Spire   Summ/Air       0%         N/A       100%        4
 Agony                    Necr           0%         N/A       100%        5
 Bolt of Magma            Conj/Fire/Erth 0%         4d4       100%        5
 Excruciating Wounds      Necr           0%         N/A       100%        5
 Iskenderun's Battlesphe  Conj           0%         2d6       100%        5
 Lee's Rapid Deconstruct  Erth           0%         3d5*      100%        5
 Lightning Bolt           Conj/Air       0%         1d11      100%        5
 Metabolic Englaciation   Hex/Ice        0%         N/A       100%        5
 Yara's Violent Unravell  Hex/Tmut       0%         3d3       100%        5
 Freezing Cloud           Conj/Ice/Air   0%         6-21      100%        6
 Iron Shot                Conj/Erth      0%         9d1       100%        6
 Orb of Destruction       Conj           0%         N/A       100%        7
 Spellforged Servitor     Conj/Summ      0%         N/A       100%        7
 Tornado                  Air            0%         N/A       100%        9


Dungeon Overview and Level Annotations

Branches:
Dungeon (15/15)            Temple (1/1) D:6            Lair (6/6) D:11
  Swamp (4/4) Lair:4        Snake (4/4) Lair:4        Slime (0/5) Lair:6
    Orc (2/2) D:11            Elf (3/3) Orc:2        Vaults (0/5) D:13
 Depths (0/5) D:15        Ossuary (visited)           IceCv (visited)

Altars:
Ashenzari
Cheibriados
Dithmenos
Elyvilon
Fedhas
Gozag
Hepliaklqana
Kikubaaqudgha
Makhleb
Nemelex Xobeh
Okawaru
Qazlal
Ru
Sif Muna
Trog
Uskayaw
Vehumet
Wu Jian
Xom
Yredelemnul
Zin
The Shining One
Jiyva

Shops:
D:5 *   Orc:2 ![!(   Snake:4 (

Portals:
Trove: Elf:1 (give 16 scrolls of teleportation)


Innate Abilities, Weirdness & Mutations

You are small and have problems with some larger weapons.
You are completely attuned to the shadows.


Message History

The deep elf elementalist completely misses you.
You hit the deep elf sorcerer.
The deep elf sorcerer is severely wounded.
You block the deep elf sorcerer's attack.
Uskayaw will force your foes to helplessly watch your dance.
You hit the deep elf sorcerer.
The deep elf sorcerer is almost dead.
The deep elf archer blinks!
You block the deep elf elementalist's attack.
You closely miss the deep elf sorcerer.
The deep elf sorcerer is almost dead.
The deep elf sorcerer is no longer sharing its pain.
You block the deep elf sorcerer's attack.
The deep elf sorcerer hits you with a +0 short sword!
* * * LOW HITPOINT WARNING * * *
You miss the deep elf sorcerer.
The deep elf sorcerer is severely wounded.
The deep elf elementalist hits you but does no damage.
The deep elf annihilator gestures at you while chanting.
The iron shot hits you!!
* * * LOW HITPOINT WARNING * * *
You barely miss the deep elf sorcerer.
The deep elf sorcerer is severely wounded.
The deep elf sorcerer points at you and mumbles some strange words.
You resist with almost no effort.
You block the deep elf sorcerer's attack.
A deep elf death mage comes into view. It is wielding a +0 long sword.
The deep elf elementalist hits you but does no damage.
As you read the scroll of teleportation, it crumbles to dust.
You feel strangely unstable.
The deep elf sorcerer hits you with a +3 broad axe of electrocution.
* * * LOW HITPOINT WARNING * * *
You block the deep elf sorcerer's attack.
The deep elf elementalist hits you but does no damage.
The deep elf archer blinks!
The deep elf annihilator gestures at you while chanting.
The poison arrow hits you!!
You are lethally poisoned!
You partially resist.
You die...

.....# #...e .....##
...ee .e.e..# ...#
#@... .).### ###ee.e
.....### ###.§....
..)....#####.)§.....
.......).#...)......
...........))).....#
###...).....)...###
###.).......###
###.....###


You could see a deep elf annihilator (empowered), a deep elf death mage, 2 deep
elf sorcerers and a deep elf elementalist (fast, empowered, repels missiles).

Vanquished Creatures
  Vashnia (Snake:2)
  Saint Roka (Snake:4)
  The ghost of Zoiloeb the Markscentaur, an adept CeHu of Okawaru (Elf:1)
  Rupert (Snake:1)
  2 tentacled monstrosities
  An Ice Fiend (IceCv)
  The ghost of Fatiodyb the Nimble, an adept DrVM of Sif Muna (Elf:1)
  A deep elf blademaster (Elf:3)
  Kirke (Lair:4)
  Agnes (Snake:4)
  6 nagarajas (Snake:4)
  A fenstrider witch (Swamp:3)
  The ghost of Nuiffe Xitzo the Geomancer, a journeyman DrEE of Cheibriados (Elf:1)
  The ghost of Nuiffe Xitzo the Geomancer, a journeyman DrEE of Cheibriados (Elf:1)
  Louise (Swamp:4)
  3 azure jellies (Lair:6)
  The ghost of Zuferhat the Scorcher, an adept DEEE of Vehumet (Elf:1)
  6 deep elf sorcerers
  2 deep elf elementalists (Elf:3)
  A very ugly thing (Swamp:4)
  5 bunyips
  2 deep elf annihilators (Elf:3)
  2 deep elf demonologists (Elf:3)
  A dire elephant (D:15)
  Snorg (D:14)
  A salamander tyrant (Snake:4)
  2 crystal guardians (Elf:3)
  2 green deaths (Swamp:4)
  2 deep elf death magi
  4 eleionomae
  3 deep elf high priests
  The ghost of Capylives the Grappler, a journeyman TrCK of Xom (D:11)
  20 naga warriors
  Harold (D:7)
  2 catoblepae (D:15)
  4 ogre magi
  17 hydras
  3 ghost crabs
  A boulder beetle (Lair:6)
  6 centaur warriors
  Erica (D:10)
  4 alligators
  21 two-headed ogres
  A death knight (D:14)
  4 tengu warriors
  24 dancing weapons
  10 anacondas
  3 death yaks (Lair:5)
  A thrashing horror (Swamp:4)
  7 spriggans
  2 orc high priests
  Urug (D:10)
  7 shock serpents
  18 naga sharpshooters
  24 deep elf knights
  Nergalle (D:10)
  A salamander mystic (Snake:3)
  12 skeletal warriors
  7 bog bodies
  An orange crystal statue (Elf:2)
  7 goliath frogs
  9 swamp dragons
  A death drake (Swamp:3)
  13 naga ritualists
  9 deep elf archers
  2 large abominations (Swamp:4)
  Pikel (D:6)
  3 spriggan druids
  39 deep elf pyromancers
  4 orc knights
  14 mana vipers
  4 oklob plants (Lair:4)
  27 deep elf zephyrmancers
  A wolf spider (D:15)
  3 will-o-the-wisps (Swamp:1)
  9 ugly things
  An orc sorcerer (Orc:1)
  5 cyclopes
  A manticore (D:15)
  8 salamanders
  A spectral centaur (D:11)
  17 elephants
  3 guardian serpents
  40 black mambas
  2 gargoyles
  2 ice statues (IceCv)
  4 orange demons (Swamp:4)
  19 naga magi
  A torpor snail (shapeshifter) (Elf:2)
  28 cane toads
  A kobold demonologist (D:7)
  2 unseen horrors (D:11)
  A yaktaur (shapeshifter) (D:13)
  A rime drake (shapeshifter) (D:14)
  A yaktaur (D:11)
  2 rime drakes
  A freezing wraith (D:14)
  5 tengu conjurers
  6 komodo dragons
  2 polar bears
  9 ice devils (IceCv)
  7 trolls
  3 bloated husks
  A polar bear (shapeshifter) (D:13)
  9 tyrant leeches
  24 slime creatures
  22 blink frogs
  6 hornets
  10 dream sheep
  2 air elementals
  2 centaur simulacra (D:11)
  A spriggan (shapeshifter) (Elf:2)
  5 hogs (Lair:4)
  A shadow (Swamp:4)
  3 water elementals
  3 wraiths
  2 dire elephant simulacra (IceCv)
  49 yaks
  4 fire elementals
  3 wyverns
  The ghost of aaksess the Skirmisher, an amateur BaFi (D:3)
  3 basilisks
  15 vampire mosquitoes
  Menkaure (D:7)
  2 iron troll simulacra (IceCv)
  2 harpy simulacra (IceCv)
  Edmund (D:4)
  Duvessa (D:7)
  2 wargs
  3 acid dragons
  54 nagas
  13 swamp worms
  15 water moccasins
  3 hydra simulacra (IceCv)
  A hornet zombie (D:7)
  A swamp drake (Swamp:4)
  49 orc warriors
  4 black bears
  An ettin simulacrum (IceCv)
  14 ogres
  The ghost of polve the Changer, an amateur NaTm (D:3)
  A necrophage (D:7)
  12 centaurs
  22 wolves
  3 phantoms
  An elf zombie (D:8)
  3 kobold brigands
  24 bullfrogs
  3 scorpions
  A wyvern zombie (D:7)
  4 earth elementals
  Dowan (D:7)
  A water moccasin skeleton (D:6)
  A wyvern skeleton (D:7)
  6 wights
  11 killer bees
  4 electric eels
  11 howler monkeys
  The ghost of banchobear the Shield-Bearer, a weakling OpFi (D:3)
  4 centaur zombies
  A crimson imp (D:7)
  7 hounds
  7 jellies
  A gnoll shaman (D:5)
  15 orc priests
  Crazy Yiuf (D:7)
  2 iguanas (D:4)
  14 orc wizards
  2 human skeletons (D:8)
  Natasha (thrice) (D:3)
  5 hell rats (Lair:5)
  2 killer bee zombies (D:8)
  8 mummies (Ossuary)
  3 howler monkey zombies
  8 gnolls
  3 adders
  A white imp (D:7)
  An ufetubus (D:5)
  An adder skeleton (D:4)
  2 worms
  3 dart slugs (D:2)
  81 orcs
  4 ball pythons
  13 endoplasms
  A giant cockroach (D:1)
  2 gnoll zombies (Ossuary)
  2 goblins
  4 hobgoblins
  4 jackals
  2 quokkas
  7 bats
  A frilled lizard (D:1)
  A hobgoblin zombie (Ossuary)
  23 kobolds
  3 kobold zombies (Ossuary)
  3 orc skeletons (D:8)
  An orc zombie (Ossuary)
  4 rats
1277 creatures vanquished.

Vanquished Creatures (others)
  5 bloated husks
  A swamp worm (Swamp:2)
  2 bushes (Lair:6)
  2 foxfires (Swamp:1)
  34 fungi
  86 plants
  4 withered plants
134 creatures vanquished.

Grand Total: 1411 creatures vanquished

Notes
Turn   | Place    | Note
-------+----------+-------------------------------------------
     0 | D:1      | wakim the Kobold Gladiator began the quest for the Orb.
     0 | D:1      | Reached XP level 1. HP: 12/12 MP: 1/1
   216 | D:1      | Reached XP level 2. HP: 17/17 MP: 2/2
   674 | D:1      | Reached XP level 3. HP: 22/22 MP: 3/3
   864 | D:1      | Found a faded altar of an unknown god.
  1303 | D:2      | Found a burning altar of Makhleb.
  1358 | D:2      | Reached skill level 1 in Stealth
  2182 | D:3      | Found a runed translucent gate.
  2182 | D:3      | Found a runed translucent gate.
  2182 | D:3      | Found a runed translucent gate.
  2526 | D:3      | Reached XP level 4. HP: 22/27 MP: 4/4
  2737 | D:3      | Reached skill level 2 in Stealth
  2781 | D:3      | Reached skill level 5 in Short Blades
  3004 | D:3      | Noticed Natasha
  3010 | D:3      | Killed Natasha
  3050 | D:3      | Noticed Natasha
  3061 | D:3      | Killed Natasha
  3062 | D:3      | Reached XP level 5. HP: 31/31 MP: 5/5
  3305 | D:3      | Reached skill level 3 in Stealth
  3700 | D:3      | Noticed Natasha
  3709 | D:3      | Killed Natasha
  3899 | D:3      | Noticed aaksess's ghost (amateur BaFi)
  3964 | D:4      | Noticed an ogre
  3985 | D:4      | Killed an ogre
  3986 | D:4      | Reached skill level 4 in Stealth
  3986 | D:4      | Reached XP level 6. HP: 14/36 MP: 6/6
  4205 | D:4      | Noticed Edmund
  4229 | D:4      | Killed Edmund
  4230 | D:4      | Reached skill level 5 in Dodging
  4230 | D:4      | Reached XP level 7. HP: 10/40 MP: 7/7
  4502 | D:4      | Reached skill level 5 in Stealth
  4816 | D:4      | Found a glowing golden altar of the Shining One.
  4891 | D:4      | Found a faded altar of an unknown god.
  4892 | D:4      | Found a faded altar of an unknown god.
  4895 | D:4      | Found a faded altar of an unknown god.
  4897 | D:4      | Found a hazy altar of Hepliaklqana.
  5183 | D:5      | Entered Level 5 of the Dungeon
  5310 | D:5      | Reached skill level 6 in Stealth
  5320 | D:5      | Found Ishux's Elemental Accessories.
  5519 | D:5      | Identified a scroll of acquirement
  5519 | D:5      | Acquired the +7 quick blade of Nightmares {freeze, Str+2
                  | Dex+3}
  5655 | D:5      | Reached XP level 8. HP: 45/45 MP: 8/8
  6246 | D:5      | Reached skill level 7 in Stealth
  7012 | D:6      | Noticed a wraith
  7058 | D:5      | Killed a wraith
  7269 | D:6      | Reached XP level 9. HP: 49/52 MP: 9/9
  7468 | D:6      | Noticed Pikel
  7483 | D:6      | Killed Pikel
  7484 | D:6      | Reached skill level 5 in Throwing
  7669 | D:6      | Reached skill level 8 in Stealth
  7832 | D:6      | Found a staircase to the Ecumenical Temple.
  7838 | Temple   | Entered the Ecumenical Temple
  8019 | Temple   | Became a worshipper of Uskayaw the Reveller
  8188 | D:6      | Reached * piety under Uskayaw
  8194 | D:6      | Reached skill level 10 in Short Blades
  8197 | D:6      | Reached ** piety under Uskayaw
  8648 | D:7      | Noticed Dowan
  8649 | D:7      | Noticed Duvessa
  8651 | D:7      | Killed Duvessa
  8657 | D:7      | Reached *** piety under Uskayaw
  8658 | D:7      | Killed Dowan
  8665 | D:7      | Noticed Harold
  8681 | D:7      | Reached **** piety under Uskayaw
  8684 | D:7      | Killed Harold
  8685 | D:7      | Reached skill level 5 in Fighting
  8685 | D:7      | Reached XP level 10. HP: 15/59 MP: 10/10
  9093 | D:7      | Reached skill level 9 in Stealth
  9218 | D:7      | Noticed a kobold demonologist
  9219 | D:7      | Found a stormy altar of Qazlal.
  9220 | D:7      | Noticed a deep elf pyromancer
  9252 | D:7      | Found a transporter.
  9278 | D:7      | Found a blossoming altar of Fedhas.
  9384 | D:7      | Noticed Menkaure
  9395 | D:7      | Killed Menkaure
  9920 | D:7      | Found a burning altar of Makhleb.
  9948 | D:7      | Found a runed translucent door.
  9951 | D:7      | Noticed Crazy Yiuf
  9958 | D:7      | Killed Crazy Yiuf
 10163 | D:8      | Reached skill level 1 in Invocations
 10164 | D:8      | Noticed a green ugly thing
 10196 | D:8      | Found a sand-covered staircase.
 10229 | Ossuary  | Entered an ossuary
 10786 | D:8      | Killed a green ugly thing
 11026 | D:8      | Noticed a two-headed ogre
 11049 | D:7      | Killed a two-headed ogre
 11050 | D:7      | Reached skill level 1 in Armour
 11050 | D:7      | Reached XP level 11. HP: 45/66 MP: 13/13
 11224 | D:8      | Identified the amulet of Mucsun {Reflect Will+ SH+5}
 11590 | D:8      | Noticed a two-headed ogre
 11599 | D:8      | Killed a two-headed ogre
 12029 | D:9      | Found a shimmering altar of Xom.
 12037 | D:9      | Noticed an angel
 12048 | D:9      | Reached skill level 10 in Stealth
 12053 | D:9      | Reached skill level 10 in Dodging
 12055 | D:9      | Reached ***** piety under Uskayaw
 12056 | D:9      | Reached skill level 5 in Invocations
 12174 | D:9      | Noticed a two-headed ogre
 12309 | D:9      | Killed a two-headed ogre
 12764 | D:9      | Found a glowing silver altar of Zin.
 12799 | D:9      | Identified the +6 falchion "Essynn" {holy, rElec rF+ rC+
                  | Int+4}
 13117 | D:10     | Entered Level 10 of the Dungeon
 13153 | D:10     | Found an ornate altar of the Wu Jian Council.
 13285 | D:10     | Noticed Erica
 13289 | D:10     | Killed Erica
 13516 | D:10     | Reached XP level 12. HP: 68/73 MP: 16/16
 13566 | D:10     | Found a basalt altar of Yredelemnul.
 13625 | D:10     | Noticed Urug
 13629 | D:10     | Killed Urug
 14114 | D:10     | Noticed Nergalle
 14118 | D:10     | Killed Nergalle
 14119 | D:10     | Reached skill level 11 in Stealth
 14197 | D:10     | Found a bloodstained altar of Trog.
 14336 | D:11     | Found a staircase to the Orcish Mines.
 14350 | D:11     | You fall into a shaft and drop 3 floors!
 14420 | D:13     | Noticed an eight-headed hydra
 14433 | D:13     | Killed an eight-headed hydra
 14434 | D:13     | Noticed a two-headed ogre
 14442 | D:13     | Reached ****** piety under Uskayaw
 14450 | D:13     | Killed a two-headed ogre
 14629 | D:13     | Noticed a two-headed ogre
 14631 | D:13     | Killed a two-headed ogre
 14884 | D:13     | Noticed a two-headed ogre
 14886 | D:13     | Noticed a two-headed ogre
 14886 | D:13     | Noticed a skeletal warrior
 14886 | D:13     | Noticed a skeletal warrior
 14940 | D:13     | Killed a skeletal warrior
 15159 | D:13     | Noticed a tengu warrior
 15174 | D:13     | Killed a tengu warrior
 15292 | D:12     | Reached XP level 13. HP: 80/80 MP: 18/18
 15295 | D:12     | Reached skill level 12 in Stealth
 15295 | D:12     | Reached skill level 1 in Shields
 15496 | D:11     | Noticed a centaur warrior
 15506 | D:11     | Killed a centaur warrior
 15752 | D:11     | Reached skill level 5 in Armour
 16049 | D:11     | Found a runed translucent gate.
 16049 | D:11     | Found a runed translucent gate.
 16050 | D:11     | Found a runed translucent gate.
 16053 | D:11     | Noticed Capylives's ghost (journeyman TrCK)
 16244 | D:3      | Noticed banchobear's ghost (weakling OpFi)
 16245 | D:3      | Noticed polve's ghost (amateur NaTm)
 16254 | D:3      | Killed polve's ghost
 16258 | D:3      | Killed banchobear's ghost
 16266 | D:3      | Killed aaksess's ghost
 16377 | D:7      | Found a transporter.
 16859 | D:11     | Found a staircase to the Lair.
 17151 | Lair:1   | Entered Level 1 of the Lair of Beasts
 17225 | Lair:1   | Identified the +6 mace "Impslayer" {venom, +Inv Fly rElec
                  | Stlth-}
 17375 | Lair:1   | Reached skill level 13 in Stealth
 18174 | Lair:2   | Noticed a five-headed hydra
 18185 | Lair:2   | Killed a five-headed hydra
 18559 | Lair:2   | Noticed a five-headed hydra
 18564 | Lair:2   | Reached XP level 14. HP: 86/86 MP: 21/21
 18783 | Lair:2   | Reached skill level 14 in Stealth
 18834 | Lair:2   | Acquired the +9 quick blade of the Silent Majority {vorpal,
                  | rN+}
 19894 | Lair:3   | Reached skill level 10 in Invocations
 20267 | Lair:3   | You fall into a shaft and drop 1 floor!
 20267 | Lair:4   | Found a staircase to the Snake Pit.
 20301 | Lair:4   | Found a staircase to the Swamp.
 20811 | Lair:4   | Noticed Kirke
 20838 | Lair:4   | Killed Kirke
 21222 | Lair:4   | Reached skill level 10 in Fighting
 21414 | Lair:4   | Identified the Incunabulum of Blistering Flight
 21538 | Lair:4   | Reached skill level 5 in Shields
 21865 | Lair:4   | Acquired the ring "Esotwoc" {rC+ Str+3 Dex+3 SInv}
 22492 | Lair:5   | Reached XP level 15. HP: 93/93 MP: 22/22
 23262 | Lair:6   | Entered Level 6 of the Lair of Beasts
 23608 | Lair:6   | Reached skill level 15 in Stealth
 24572 | Lair:6   | Found a runed translucent door.
 24590 | Lair:6   | Found a viscous altar of Jiyva.
 24590 | Lair:6   | Noticed an azure jelly
 24593 | Lair:6   | Found a staircase to the Slime Pits.
 24593 | Lair:6   | Noticed an azure jelly
 24593 | Lair:6   | Noticed an azure jelly
 24594 | Lair:6   | Killed an azure jelly
 24597 | Lair:6   | Killed an azure jelly
 24599 | Lair:6   | Killed an azure jelly
 25329 | Lair:6   | Reached XP level 16. HP: 100/100 MP: 24/24
 25336 | Lair:6   | Identified the ring of Tarhuhat {Ice Int+2 Dex+4}
 26011 | Lair:6   | Acquired the +1 pair of gloves "Ryne" {rF+ rCorr}
 26188 | D:11     | Killed Capylives's ghost
 26389 | D:14     | Noticed Snorg
 26392 | D:14     | Killed Snorg
 26393 | D:14     | Reached skill level 15 in Dodging
 27703 | D:13     | Found a gate to the Vaults.
 29934 | D:15     | Entered Level 15 of the Dungeon
 29943 | D:15     | Reached skill level 15 in Short Blades
 30058 | D:15     | Found a staircase to the Depths.
 30069 | D:15     | Reached skill level 16 in Stealth
 30224 | D:15     | Paralysed by an ogre mage for 2 turns
 31357 | D:15     | Reached XP level 17. HP: 98/106 MP: 26/26
 32422 | Swamp:1  | Entered Level 1 of the Swamp
 32869 | Swamp:1  | Noticed a tentacled monstrosity
 32872 | Swamp:1  | Killed a tentacled monstrosity
 35838 | Swamp:3  | Reached XP level 18. HP: 112/112 MP: 28/28
 35920 | Swamp:3  | Reached skill level 17 in Stealth
 35952 | Swamp:4  | Entered Level 4 of the Swamp
 36016 | Swamp:4  | Reached skill level 10 in Shields
 36428 | Swamp:4  | Noticed Louise
 36443 | Swamp:4  | Killed Louise
 36448 | Swamp:4  | Reached XP level 19. HP: 70/117 MP: 29/29
 37725 | Swamp:4  | Noticed a tentacled monstrosity
 37751 | Swamp:4  | Killed a tentacled monstrosity
 38063 | Swamp:4  | Got a decaying rune of Zot
 38477 | Orc:1    | Entered Level 1 of the Orcish Mines
 38900 | Orc:2    | Entered Level 2 of the Orcish Mines
 38918 | Orc:2    | Found a staircase to the Elven Halls.
 39475 | Orc:2    | Found Comyppih's Distillery.
 39475 | Orc:2    | Found Aliw's Antique Armour Emporium.
 39475 | Orc:2    | Found Pothrioqa's Antique Weapon Boutique.
 39475 | Orc:2    | Found Uczemaar's Distillery.
 39488 | Orc:2    | Bought a potion of haste for 170 gold pieces
 39488 | Orc:2    | Bought a potion of heal wounds for 85 gold pieces
 40117 | Orc:2    | Bought a glowing leather armour for 145 gold pieces
 40215 | Orc:1    | Reached skill level 15 in Invocations
 40552 | Snake:1  | Entered Level 1 of the Snake Pit
 40626 | Snake:1  | Found a frozen archway.
 40630 | IceCv    | Entered an ice cave
 41271 | IceCv    | Noticed an Ice Fiend
 41286 | IceCv    | Killed an Ice Fiend
 41885 | Snake:1  | Noticed Rupert
 41906 | Snake:1  | Killed Rupert
 42765 | Snake:2  | Reached XP level 20. HP: 97/124 MP: 31/31
 43234 | Snake:2  | Reached skill level 18 in Stealth
 44236 | Snake:2  | Noticed Vashnia
 44660 | Snake:2  | Killed Vashnia
 45817 | Snake:2  | Acquired the ring "Inosh" {rF+ Slay+4}
 47883 | Snake:4  | Entered Level 4 of the Snake Pit
 48191 | Snake:4  | Noticed Saint Roka
 48213 | Snake:4  | Killed Saint Roka
 48316 | Snake:4  | Found Georuof's Antique Weapon Shoppe.
 48958 | Snake:4  | Noticed Agnes
 48961 | Snake:4  | Killed Agnes
 49110 | Snake:4  | Reached XP level 21. HP: 124/131 MP: 33/33
 50771 | Snake:4  | Got a serpentine rune of Zot
 51360 | Elf:1    | Entered Level 1 of the Elven Halls
 52021 | Elf:1    | Reached skill level 19 in Stealth
 52476 | Elf:1    | Found a runed translucent gate.
 52476 | Elf:1    | Found a runed translucent gate.
 52477 | Elf:1    | Found a runed translucent gate.
 52569 | Elf:1    | Found a portal to a secret trove of treasure.
 52708 | Elf:1    | Identified Sif Muna's Reference Book on Attacks and
                  | Summoning
 52877 | Elf:1    | Noticed Nuiffe Xitzo's ghost (journeyman DrEE)
 52877 | Elf:1    | Noticed Zuferhat's ghost (adept DEEE)
 53101 | Elf:1    | Noticed Zoiloeb's ghost (adept CeHu)
 53102 | Elf:1    | Killed Zuferhat's ghost
 53103 | Elf:1    | Noticed Fatiodyb's ghost (adept DrVM)
 53105 | Elf:1    | Killed Zoiloeb's ghost
 53106 | Elf:1    | Noticed Nuiffe Xitzo's ghost (journeyman DrEE)
 53107 | Elf:1    | Killed Fatiodyb's ghost
 53110 | Elf:1    | Killed Nuiffe Xitzo's ghost
 53125 | Elf:1    | Killed Nuiffe Xitzo's ghost
 53359 | Elf:2    | Reached XP level 22. HP: 133/138 MP: 34/34
 54010 | Elf:2    | Reached skill level 10 in Throwing
 54024 | Elf:2    | Found a runed translucent gate.
 54024 | Elf:2    | Found a runed translucent gate.
 54024 | Elf:2    | Found a runed translucent gate.
 55427 | Elf:3    | Entered Level 3 of the Elven Halls
 55677 | Elf:3    | Reached skill level 15 in Fighting
 56198 | Elf:3    | Reached skill level 20 in Stealth
 56222 | Elf:3    | Killed from afar by a deep elf annihilator

Illustrated notes

Levels and vault maps discovered:
D:1:      lightli_arrival_statue_moat, layout_loops_corners, serial_forest,
          infiniplex_forest_lined_2, infiniplex_forest_clump_large,
          infiniplex_forest_zigzag_2, infiniplex_forest_clump_double,
          infiniplex_forest_lined_room_2, infiniplex_forest_straight_1,
          basic_ecumenical_altar
D:2:      layout_basic, basic_altar, minmay_fractal_squares_5
D:3:      layout_basic, gammafunk_ghost_cemetery, uniq_natasha
D:4:      layout_rooms, general_overflow_altar,
          nicolae_hepliaklqana_ecumenical_no_more, uniq_edmund
D:5:      layout_layer_cave, nicolae_elemental_shop,
          hangedman_abyss_or_decor_passed
D:6:      layout_gridville, minmay_temple_entry_antechambers, uniq_pikel
D:7:      layout_loops_corners, gammafunk_temple_overflow_arena,
          makhleb_grotto_becter, fedhas_altar_2, minivault_14, uniq_harold,
          uniq_menkaure, uniq_crazy_yiuf_cottage, uniq_duvessa
D:8:      layout_gridville, nicolae_ossuary_entry_catacombs,
          kennysheep_big_empty_room, minmay_pinched_square
D:9:      layout_cave_pools, grunt_temple_overflow_order_and_chaos_1,
          minmay_strange_pillars
D:10:     layout_roguey, old_standard_altar, lemuel_tele_altar,
          yredelemnul_altar_generic, hangedman_little_slice_of_home, uniq_erica,
          uniq_nergalle, uniq_urug
D:11:     minmay_bloctagon_deflated, layout_basic, erik_lair_island,
          orc_0_dummy, gammafunk_ghost_necromancy
D:12:     layout_basic, special_room [special_room_orc]
D:13:     layout_loops_ring, david_vaults_2, minmay_misc_feat_cross,
          serial_bayou_pond_e
D:14:     layout_basic, uniq_snorg
D:15:     hangedman_depths_entry_try_elsewhere_first, layout_basic,
          minmay_misc_feat_more_columns, serial_bayou_pond_d
Temple:   minmay_temple_bridge_abc
Lair:1:   layout_cave_pods, chequers_serial_rivers_room_a, serial_bayou_shore_a,
          infiniplex_staircase_pool
Lair:2:   layout_cave_pods, grunt_megastairs_3
Lair:3:   layout_cave_pods
Lair:4:   layout_roguey, swamp_mist_pool, guppyfry_snake_entry_garden,
          minmay_lair_oklob_chamber, uniq_kirke
Lair:5:   layout_cellular_growth
Lair:6:   minmay_lair_end_frog_pond, layout_regular_city, slime_altar_2,
          minivault_25
Swamp:1:  layout_falls_marsh, evilmike_swamp_ruin_rubble_2
Swamp:2:  layout_falls_marsh, evilmike_swamp_ruin_house_4
Swamp:3:  layout_basic_swamp, evilmike_swamp_ruin_house_5
Swamp:4:  swamp_vile, layout_basic_swamp, uniq_louise
Snake:1:  layout_misc_corridors, portal_ice_cave_entry_pillars_three,
          nicolae_snake_single_loop, uniq_rupert
Snake:2:  layout_layer_cave, uniq_vashnia
Snake:3:  layout_cave_town
Snake:4:  minmay_snake_end_coiled, layout_onion, serial_shops,
          nicolae_shop_trees, uniq_agnes, uniq_saint_roka
Orc:1:    layout_caves
Orc:2:    st_orc_rangers, layout_caves
Elf:1:    hangedman_staggered_hall, layout_geoelf_octagon,
          gammafunk_ghost_cemetery, enter_trove_1, minmay_elf_sorcery,
          patterned_corridor
Elf:2:    layout_gridlike, minivault_16
Elf:3:    minmay_elf_hall_golems, layout_rooms

Skill      XL: |  1  2  3  4  5  6  7  8  9 10 11 12 13 14 15 16 17 18 19 20 21 22 |
---------------+-------------------------------------------------------------------+-----
Dodging        | 4 5 6 7 9 10 12 13 14 15 16 17 18 | 18.3
Stealth        | 1 2 4 6 7 8 9 10 11 13 14 15 16 17 18 19 20 | 20.0
Short Blades   | 5 6 7 8 10 12 14 15 16 | 16.0
Throwing       | 3 4 6 8 9 10 | 10.7
Fighting       | 3 5 6 7 9 10 11 12 13 14 15 | 15.1
Invocations    | 3 6 7 9 10 11 12 13 14 15 16 17 | 17.2
Armour         | 1 2 4 5 6 8 |  8.0
Shields        | 4 5 7 8 9 10 11 12 | 12.5

Action                   |  1- 3 |  4- 6 |  7- 9 | 10-12 | 13-15 | 16-18 | 19-21 | 22-24 || total
-------------------------+-------+-------+-------+-------+-------+-------+-------+-------++-------
Melee: Rapier            |    82 |    50 |    16 |       |       |       |       |       ||   148
       Flail             |       |       |    29 |       |       |       |       |       ||    29
       Quick blade       |       |       |   155 |   566 |   923 |   712 |  1963 |   339 ||  4658
 Fire: Hand crossbow     |       |       |       |       |       |     1 |       |       ||     1
Throw: Dart              |       |    32 |       |    10 |     6 |       |       |       ||    48
       Boomerang         |       |       |       |       |       |       |     3 |       ||     3
Invok: Grand Finale      |       |       |       |       |     4 |       |     8 |     2 ||    14
       Line Pass         |       |       |       |       |     1 |       |       |       ||     1
Evoke: Wand              |       |     2 |       |       |       |       |       |       ||     2
  Use: Scroll            |     3 |     5 |     4 |     8 |    11 |     6 |     4 |     1 ||    42
       Potion            |       |       |       |       |       |     5 |     7 |       ||    12
 Stab: Sleeping          |    14 |     5 |    17 |    35 |    56 |    68 |   116 |    22 ||   333
       Distracted        |       |       |     2 |     5 |     8 |    10 |    20 |     8 ||    53
       Paralysed         |       |       |     1 |    32 |    88 |    42 |   117 |    28 ||   308
       Confused          |       |       |       |       |     1 |       |       |       ||     1
Armor: Leather armour    |    16 |     4 |    11 |     8 |       |       |       |       ||    39
       Scale mail        |       |       |    21 |       |       |       |       |       ||    21
       Acid dragon scale |       |       |       |    20 |    49 |    40 |       |       ||   109
       Swamp dragon scal |       |       |       |       |       |     1 |    89 |    17 ||   107
Dodge: Dodged            |    54 |    23 |    94 |   185 |   353 |   201 |   625 |    67 ||  1602
Block: Other             |       |       |       |    12 |       |       |       |       ||    12
       Buckler           |       |       |       |       |   112 |       |       |       ||   112
       Kite shield       |       |       |       |       |   283 |   318 |   965 |   138 ||  1704
       Reflection        |       |       |       |       |     1 |     4 |   107 |    15 ||   127

Table legend: (Time is in decaauts)
 A = Elapsed time spent in this place.
 B = Non-inter-level travel time spent in this place.
 C = Inter-level travel time spent in this place.
 D = Time resting spent in this place.
 E = Time spent auto-exploring this place.
 F = Levels seen in this place.
 G = Mean time per level.
                   A        B        C        D        E       F      G
               +--------+--------+--------+--------+--------+-----+--------+
         Total |  54077 |  50429 |   3648 |   2805 |  40067 |  37 | 1461.5 |
       Dungeon |  22341 |  20320 |   2021 |    442 |  17119 |  15 | 1489.4 |
        Temple |    308 |    272 |     36 |    100 |    163 |   1 |  308.0 |
          Lair |   9193 |   8613 |    580 |      4 |   7497 |   6 | 1532.2 |
         Swamp |   5776 |   5490 |    286 |    618 |   4110 |   4 | 1444.0 |
     Snake Pit |   8876 |   8558 |    318 |    682 |   6512 |   4 | 2219.0 |
  Orcish Mines |   1864 |   1652 |    212 |     51 |   1277 |   2 |  932.0 |
   Elven Halls |   4490 |   4296 |    194 |    730 |   2718 |   3 | 1496.7 |
       Ossuary |    159 |    159 |      0 |      0 |     37 |   1 |  159.0 |
      Ice Cave |   1066 |   1066 |      0 |    178 |    633 |   1 | 1066.0 |
               +--------+--------+--------+--------+--------+-----+--------+

Top non-repeatable levels by time:
 Snake:2: 3208 daAuts
 Snake:4: 2469 daAuts
  Lair:6: 2331 daAuts
 Snake:3: 2221 daAuts
 Swamp:4: 2104 daAuts
     D:5: 1925 daAuts
   Elf:1: 1918 daAuts
   Elf:2: 1826 daAuts
    D:13: 1679 daAuts
    D:15: 1670 daAuts
     D:3: 1666 daAuts
     D:8: 1658 daAuts
  Lair:4: 1654 daAuts
    D:12: 1637 daAuts
    D:14: 1615 daAuts
